 Dungeon Crawl Stone Soup version 0.29.0-11-gd7f09526c8 (webtiles) character file.

Game seed: 12500683968853694837

4 tellme the Firebug (level 1, -4/13 HPs)
             Began as a Demonspawn Fire Elementalist on Sept 3, 2022.
             Killed from afar by a dart slug (5 damage)
             ... with a slug dart
             ... on level 1 of the Dungeon.
             The game lasted 00:00:35 (198 turns).

tellme the Firebug (Demonspawn Fire Elementalist)    Turns: 198, Time: 00:00:36

Health: -4/13      AC:  2    Str:  8    XL:     1   Next: 50%
Magic:  3/3        EV: 12    Int: 16    God:
Gold:   0          SH:  0    Dex: 13    Spells: 3/4 levels left

rFire   . . .      SeeInvis .   c - +0 dagger
rCold   . . .      Faith    .   (no shield)
rNeg    . . .      Spirit   .   a - +0 robe
rPois   .          Reflect  .   (no helmet)
rElec   .          Harm     .   (no cloak)
rCorr   .          Rampage  .   (no gloves)
Will    .....                   (no boots)
Stlth   ++........              (no amulet)
HPRegen 0.04/turn               (no ring)
MPRegen 0.08/turn               (no ring)

@: no status effects
A: no striking features
a: no special abilities


You were on level 1 of the Dungeon.
You visited 1 branch of the dungeon, and saw 1 of its levels.

Inventory:

Hand Weapons
 c - a +0 dagger (weapon)
Armour
 a - a +0 robe (worn)
Potions
 b - a potion of magic


   Skills:
 + Level 1.9 Dodging
 + Level 1.7 Stealth
 + Level 2.0 Spellcasting
 + Level 1.0 Conjurations
 + Level 2.9 Fire Magic


You had 3 spell levels left.
You knew the following spells:

 Your Spells              Type           Power      Damage    Failure   Level
a - Foxfire               Conj/Fire      28%        2x1d5     10%         1

Your spell library contained the following spells:

 Spells                   Type           Power      Damage    Failure   Level
 Scorch                   Fire           20%        2d6       10%         2
 Conjure Flame            Conj/Fire      7%         6-21      28%         3
 Inner Flame              Hex/Fire       6%         N/A       34%         3
 Flame Wave               Conj/Fire      7%         2d5       67%         4


Dungeon Overview and Level Annotations

Branches:
Dungeon (1/15)

Altars:


Message History

The giant cockroach is heavily wounded.
The foxfire hits the giant cockroach.
The giant cockroach is severely wounded.
Found a dagger.
The giant cockroach closely misses you.
You barely miss the giant cockroach.
The giant cockroach is severely wounded.
The giant cockroach bites you but does no damage. x2
You barely miss the giant cockroach.
The giant cockroach is severely wounded.
The giant cockroach barely misses you.
You hit the giant cockroach but do no damage.
The giant cockroach is severely wounded.
The giant cockroach misses you.
You closely miss the giant cockroach.
The giant cockroach is severely wounded.
The giant cockroach barely misses you.
You hit the giant cockroach.
You kill the giant cockroach!
Found a pair of boots.
Found a chain mail.
You see here a +0 chain mail.
A dart slug comes into view.
The dart slug launches a dart at you. The slug dart hits you.
The dart slug launches a dart at you. The slug dart hits you.
The dart slug bites you but does no damage.
You hit the dart slug.
The dart slug is heavily wounded.
The dart slug bites you.
You hit the dart slug.
The dart slug is severely wounded.
You hit the dart slug but do no damage.
The dart slug is severely wounded.
The dart slug launches a dart at you. The slug dart hits you.
* * * LOW HITPOINT WARNING * * *
The dart slug launches a dart at you. The slug dart hits you.
You die...

#..............
#.############# #.#
####### #.# #.....#####
#.# #.......... #.#
#.......... #.#
#.....##.## #.########.#
#.....##.##
#....w.@...####..####...
###########......# #.##
#.###..# #.## .# #..#
#... .# #..# #.##
#..###..# #.## #.......#
#.## #..####.# #.## ..
#.# #.##


You could see a dart slug.

Vanquished Creatures
  2 giant cockroaches (D:1)
  A ball python (D:1)
  A goblin (D:1)
4 creatures vanquished.

Vanquished Creatures (others)
  7 foxfires (D:1)
7 creatures vanquished.

Grand Total: 11 creatures vanquished

Notes
Turn   | Place    | Note
-------+----------+-------------------------------------------
     0 | D:1      | tellme the Demonspawn Fire Elementalist began the quest for
                  | the Orb.
     0 | D:1      | Reached XP level 1. HP: 13/13 MP: 3/3
   198 | D:1      | Killed from afar by a dart slug

Illustrated notes

Levels and vault maps discovered:
D:1:      dpeg_arrival_line_fractal, layout_loops_ring,
          hellmonk_ecumenical_altar_arch_garden, serial_shops,
          nicolae_shop_hallway_stairs, nrook_mini_backslash

Action                   || total
-------------------------++-------
Melee: Dagger            ||     8
       Unarmed           ||     2
 Cast: Foxfire           ||     5
Armor: Robe              ||     3
Dodge: Dodged            ||     5
